Cogmind - Beta 10.2 @@@ ROGUE MODE // 2021.06.12 @ 15:50:11 Player: s0lid Result: Destroyed by Z-Imprinter with Zionite Laser-M Performance ------------- Evolutions (1) 500 Regions Visited (6) 1200 Robots Destroyed (42) 210 Value Destroyed (1175) 1175 Prototype IDs (8) 160 Alien Tech Used (0) 0 Bonus (324) 324 TOTAL SCORE: 3569 Bonus ------- High Alert Combat Kills 24 Met Imprinter 300 Cogmind --------- Core Integrity 0/400 Matter 219/300 Energy 160/160 System Corruption 0% Temperature Cool (27) Movement Core (600) Ox11 Location -7/Deep Caves Parts ------- > --- POWER (1) -------- Light Nuclear Core > --- PROPULSION (3) --- (None) > --- UTILITY (3) ------ Large Storage Unit Improved Targeting Computer Improved Light Armor Plating > --- WEAPON (2) ------- Improved EM Shotgun Rocket Array > --- INVENTORY (10) --- Heavy Ion Engine Aluminum Leg Makeshift Sensor Array Hacking Suite Makeshift System Shield Hacking Drone Bay (1/1) Makeshift Laser High-powered Shotgun Mining Laser CR-A16's Pointy Stick Peak State ------------ > --- POWER ------------ Light Nuclear Core > --- PROPULSION ------- Aluminum Leg Aluminum Leg Aluminum Leg > --- UTILITY ---------- Large Storage Unit Improved Targeting Computer Hacking Drone Bay > --- WEAPON ----------- Improved EM Shotgun High-powered Shotgun > --- INVENTORY -------- Improved Ion Engine Heavy Ion Engine Aluminum Leg Hardlight Generator Shield Generator Hacking Suite Improved Medium Laser Rocket Launcher Datajack Mining Laser [Rating: 26] Favorites ----------- Power Light Nuclear Core Engine Improved Ion Engine Power Core Light Nuclear Core Propulsion Aluminum Leg Treads Light Treads Leg Aluminum Leg Wheel Armored Wheel Flight Unit Improved Flight Unit Utility Large Storage Unit Device Hardlight Generator Storage Large Storage Unit Processor Improved Targeting Computer Protection Improved Light Armor Plating Weapon High-powered Shotgun Energy Gun Improved EM Shotgun Energy Cannon Advanced Beam Cannon Ballistic Gun High-powered Shotgun Launcher Mini Grenade Launcher Special Weapon Mining Laser Piercing Weapon CR-A16's Pointy Stick Build | -11 -10 -10 -9 -9 -7 -7 ------- Run | Scr Mat Min Mat Min Zio Dee Slots Evolved 2 | . . . 2 . . . Power . | . . . . . . . Propulsion 1 | . . . 1 . . . Utility 1 | . . . 1 . . . Weapon . | . . . . . . . Parts Attached 57 | . 3 5 34 5 6 4 Power 8 | . 1 . 5 2 . . Engine 7 | . 1 . 5 1 . . Core 1 | . . . . 1 . . Reactor . | . . . . . . . Propulsion 18 | . . 2 13 2 . 1 Treads 1 | . . . 1 . . . Leg 14 | . . . 11 2 . 1 Wheel 2 | . . 2 . . . . Hover . | . . . . . . . Flight 1 | . . . 1 . . . Utility 9 | . . 1 6 . 2 . Device 2 | . . . 1 . 1 . Storage 1 | . . 1 . . . . Processor 2 | . . . 2 . . . Hackware . | . . . . . . . Protection 4 | . . . 3 . 1 . Artifact . | . . . . . . . Weapon 22 | . 2 2 10 1 4 3 Energy Gun 6 | . . . 5 . 1 . Energy Cannon 1 | . . . 1 . . . Ballistic Gun 5 | . . . 3 1 1 . Ballistic Cannon . | . . . . . . . Launcher 5 | . . 1 . . 2 2 Special Weapon 4 | . 2 1 1 . . . Impact Weapon . | . . . . . . . Slashing Weapon . | . . . . . . . Piercing Weapon 1 | . . . . . . 1 Special Melee Weapon . | . . . . . . . Unidentified Prototypes 8 | . . . 5 . 3 . Parts Lost 10 | . . . 6 1 . 3 Power 1 | . . . 1 . . . Propulsion 6 | . . . 3 . . 3 Utility 1 | . . . 1 . . . Weapon 2 | . . . 1 1 . . Highest Loss Streak 4 | . . . 4 1 . 3 Average Slot Usage (%) 90 | . 6 37 92 98 99 99 Engine 5 | . 6 14 10 7 . . Core 5 | . . . . 3 11 11 Leg 27 | . . . 26 33 33 32 Wheel 1 | . . 5 3 . . . Storage 10 | . . 2 11 11 11 11 Processor 8 | . . . 8 11 11 11 Protection 8 | . . . 8 11 10 11 Energy Gun 7 | . . . 4 11 10 11 Energy Cannon 1 | . . . 4 . . . Ballistic Gun 8 | . . . 10 11 10 2 Launcher 1 | . . 2 2 . . . Special Weapon 1 | . . 14 . . . . Naked Turns 48 | . 48 . . . . . Heaviest Build 34 | . 4 21 34 33 34 34 Greatest Support 30 | 3 3 24 30 30 30 30 Greatest Overweight (x) 8 | . 1 1 8 1 1 1 Average Overweight (x) . | . . . . . . . Largest Inventory Capacity 10 | 4 4 10 10 10 10 10 Average Capacity 9 | 4 4 4 10 10 10 10 Most Carried 10 | . 3 2 10 10 10 10 Average Carried 8 | . . 2 8 9 9 10 Final Capacity 10 | 4 4 10 10 10 10 10 Final Carried 10 | . 3 2 10 10 10 10 Class Distribution -------------------- 90% | Scavenger-Mutant 9% | Mutant Dominant Class ---------------- Mutant | -10/Materials Mutant | -10/Mines Scavenger-Mutant | -9/Materials Scavenger-Mutant | -9/Mines Scavenger-Mutant | -7/Zion Scavenger-Mutant | -7/Deep Caves Resources | -11 -10 -10 -9 -9 -7 -7 ----------- Run | Scr Mat Min Mat Min Zio Dee Matter Collected 1100 | 200 . 70 725 61 44 . Remotely . | . . . . . . . Salvage Created 1425 | . . 41 1230 137 . 17 Parts 94 | . . 2 86 6 . . Haulers Intercepted 3 | . . . 3 . . . Recyclers Shooed . | . . . . . . . Parts Field Recycled . | . . . . . . . Retrieved Matter . | . . . . . . . Parts Self-Destructed . | . . . . . . . Prevented . | . . . . . . . Kills | -11 -10 -10 -9 -9 -7 -7 ------- Run | Scr Mat Min Mat Min Zio Dee Combat Hostiles Destroyed 35 | . . . 29 3 . 3 Guns 20 | . . . 17 3 . . Cannons 8 | . . . 8 . . . AOE 7 | . . . 4 . . 3 Classes Destroyed 10 | . . 2 7 . . 1 Worker 1 | . . 1 . . . . Hauler 3 | . . . 3 . . . Recycler 1 | . . 1 . . . . Operator 1 | . . . 1 . . . Watcher 4 | . . . 4 . . . Swarmer 6 | . . . 6 . . . Grunt 19 | . . . 16 3 . . Duelist 1 | . . . 1 . . . Sentry 6 | . . . 6 . . . Assembled 3 | . . . . . . 3 Best Kill Streak 5 | . . 2 5 3 . 3 Combat Bots Only 5 | . . . 5 3 . 3 Max Kills in Single Turn 3 | . . 1 2 2 . 3 Gunslinging 1 | . . . . 1 . . Exploded 3 | . . . 2 . . 3 Melee . | . . . . . . . Uniques/NPCs Destroyed . | . . . . . . . Combat | -11 -10 -10 -9 -9 -7 -7 -------- Run | Scr Mat Min Mat Min Zio Dee Damage Taken 2668 | . . 13 1932 78 . 645 Core 431 | . . . 340 12 . 79 Absorbed by Shields . | . . . . . . . Core Remaining (%) 100 | 100 . 100 . . . . Volleys Fired 158 | . . 9 142 5 . 2 Largest 2 | . . 1 2 2 . 2 Hottest 123 | . . 100 123 70 . 90 Shots Fired 203 | . . 9 183 8 . 3 Gun 127 | . . . 118 8 . 1 Cannon 59 | . . . 59 . . . Launcher 5 | . . . 3 . . 2 Special 12 | . . 9 3 . . . Kinetic 88 | . . . 84 4 . . Thermal 84 | . . 9 75 . . . Explosive 5 | . . . 3 . . 2 Electromagnetic 26 | . . . 21 4 . 1 Robot Hit Streak 13 | . . 3 13 7 . 10 Robot Miss Streak 5 | . . 3 5 2 . 4 Penetration Max . | . . . . . . . Secondary Targets 2 | . . . 1 1 . . Max Gunslinging Chain 1 | . . . 1 1 . . Shots Hit Robots 134 | . . 4 119 8 . 3 Core Hits 76 | . . 2 60 5 . 9 Critical Hits 9 | . . . 9 . . . Critical Kills 2 | . . . 2 . . . Critical Parts Destroyed 5 | . . . 5 . . . Melee Attacks . | . . . . . . . Impact . | . . . . . . . Slashing . | . . . . . . . Piercing . | . . . . . . . Sneak Attacks . | . . . . . . . Combat Hostiles . | . . . . . . . Follow-up Attacks . | . . . . . . . Damage Inflicted 2998 | . . 120 2489 104 . 285 Guns 1518 | . . . 1395 104 . 19 Cannons 800 | . . . 800 . . . Explosions 560 | . . . 294 . . 266 Melee . | . . . . . . . Ramming . | . . . . . . . Kinetic 1017 | . . . 946 71 . . Thermal 1066 | . . 120 946 . . . Explosive 560 | . . . 294 . . 266 Electromagnetic 355 | . . . 303 33 . 19 Impact . | . . . . . . . Slashing . | . . . . . . . Piercing . | . . . . . . . Highest Corruption . | . . . . . . . Average Corruption . | . . . . . . . Corruption Purged . | . . . . . . . Overload Shots . | . . . . . . . Overflow Damage 14 | . . . 10 . . 4 Projectiles 6 | . . . 6 . . . Explosions 8 | . . . 4 . . 4 Melee . | . . . . . . . Knockbacks . | . . . . . . . Impact . | . . . . . . . Kinetic . | . . . . . . . Secondary . | . . . . . . . Self-Inflicted Damage 134 | . . . 67 . . 67 Shots 5 | . . . 2 . . 3 Rammed . | . . . . . . . Targets Rammed . | . . . . . . . Kicked . | . . . . . . . Crushed . | . . . . . . . Highest Temperature 460 | . . 20 460 47 . 12 Average Temperature 73 | . . 12 81 30 . 7 Received Heat Transfer 771 | . . . 630 42 . 99 Effects 3 | . . . 3 . . . Matter Decay 1 | . . . 1 . . . Short Circuit 1 | . . . 1 . . . Damage (minor) 1 | . . . 1 . . . Siege Activations . | . . . . . . . Robots Corrupted . | . . . . . . . Combat Hostiles . | . . . . . . . Parts Fried 2 | . . . 2 . . . Impact Corruptions . | . . . . . . . Robots Melted . | . . . . . . . Combat Hostiles . | . . . . . . . Parts Melted 1 | . . . 1 . . . Heat Transferred 2063 | . . 250 1813 . . . Parts Sabotaged . | . . . . . . . Parts Stolen . | . . . . . . . Parts Stripped . | . . . . . . . Power Chain Reactions . | . . . . . . . Missiles Intercepted . | . . . . . . . Alert | -11 -10 -10 -9 -9 -7 -7 ------- Run | Scr Mat Min Mat Min Zio Dee Peak Influence 509 | . . 40 509 288 . . Initial 198 | . . . 15 198 . . Average 205 | . . 7 248 247 . . Maximum Alert Level 2 | . . . 2 1 . . Low Security (%) 50 | 100 100 100 40 39 . . Level 1 42 | . . . 51 60 . . Level 2 6 | . . . 8 . . . Level 3 . | . . . . . . . Level 4 . | . . . . . . . Level 5 . | . . . . . . . High Security . | . . . . . . . Max Security . | . . . . . . . Squads Dispatched 6 | . . . 6 . . . Investigation 3 | . . . 3 . . . Extermination . | . . . . . . . Reinforcement 3 | . . . 3 . . . Assault . | . . . . . . . Garrison . | . . . . . . . Intercept . | . . . . . . . Construction Impeded . | . . . . . . . Haulers Reinforced . | . . . . . . . Stealth | -11 -10 -10 -9 -9 -7 -7 --------- Run | Scr Mat Min Mat Min Zio Dee Distress Signals 3 | . . . 3 . . . Communications Jammed . | . . . . . . . Distress Signals . | . . . . . . . Times Spotted 59 | . 1 4 45 5 . 4 Peak Tracking Total 7 | . 2 5 7 3 . 3 Tactical Retreats 3 | . . 1 1 1 . . Traps | -11 -10 -10 -9 -9 -7 -7 ------- Run | Scr Mat Min Mat Min Zio Dee Traps Triggered 1 | . . . 1 . . . Indirectly . | . . . . . . . Trap Hack Attempts . | . . . . . . . Triggered . | . . . . . . . Disarmed . | . . . . . . . Reprogrammed . | . . . . . . . Reused . | . . . . . . . Traps Extracted . | . . . . . . . Installed . | . . . . . . . Triggered . | . . . . . . . Machines | -11 -10 -10 -9 -9 -7 -7 ---------- Run | Scr Mat Min Mat Min Zio Dee Machines Disabled 2 | . . . 2 . . . Max in Single Turn 1 | . . . 1 . . . Machines Sabotaged . | . . . . . . . Garrisons Compromised . | . . . . . . . Overloaded Fab Kills . | . . . . . . . Fab Network Shutdowns . | . . . . . . . Hacking | -11 -10 -10 -9 -9 -7 -7 --------- Run | Scr Mat Min Mat Min Zio Dee Machines Accessed 8 | . 1 . 7 . . . Terminals 7 | . 1 . 6 . . . Fabricators . | . . . . . . . Repair Stations . | . . . . . . . Recycling Units . | . . . . . . . Scanalyzers 1 | . . . 1 . . . Garrison Access . | . . . . . . . Total Hacks 26 | . 1 . 25 . . . Successful 21 | . 1 . 20 . . . Failed 5 | . . . 5 . . . Catastrophic 1 | . . . 1 . . . Database Lockouts . | . . . . . . . Manual 19 | . 1 . 10 . 8 . Terminals 18 | . 1 . 17 . . . Fabricators . | . . . . . . . Repair Stations . | . . . . . . . Recycling Units . | . . . . . . . Scanalyzers 8 | . . . 8 . . . Garrison Access . | . . . . . . . Terminal Hacks 10 | . . . 10 . . . Record 2 | . . . 2 . . . Branch Access Points 1 | . . . 1 . . . Emergency Access Points 1 | . . . 1 . . . Terminal Index 2 | . . . 2 . . . Alert Level 1 | . . . 1 . . . Locate Traps 2 | . . . 2 . . . Zone Layout 1 | . . . 1 . . . Fabricator Hacks . | . . . . . . . Repair Station Hacks . | . . . . . . . Recycling Unit Hacks . | . . . . . . . Scanalyzer 7 | . . . 7 . . . Insert Component 2 | . . . 2 . . . Analyze 5 | . . . 5 . . . Garrison Access Hacks . | . . . . . . . Unauthorized Hacks 4 | . 1 . 3 . . . Terminals 3 | . 1 . 2 . . . Botnet 3 | . 1 . 2 . . . Fabricators . | . . . . . . . Repair Stations . | . . . . . . . Recycling Units . | . . . . . . . Scanalyzers 1 | . . . 1 . . . Extract 1 | . . . 1 . . . Garrison Access . | . . . . . . . Data Cores Recovered . | . . . . . . . Used . | . . . . . . . Hacking Detections 6 | . . . 6 . . . Full Trace Events 1 | . . . 1 . . . Feedback Events . | . . . . . . . Feedback Blocked . | . . . . . . . Robot Schematics Acquired . | . . . . . . . Robots Built . | . . . . . . . Matter . | . . . . . . . Time . | . . . . . . . Total Robot Build Rating . | . . . . . . . Part Schematics Acquired 9 | . . . 9 . . . Parts Built . | . . . . . . . Matter . | . . . . . . . Time . | . . . . . . . Total Part Build Rating . | . . . . . . . Parts Repaired . | . . . . . . . Time . | . . . . . . . Parts Recycled . | . . . . . . . Recycled Matter . | . . . . . . . Retrieved Matter . | . . . . . . . Retrieved Components . | . . . . . . . Parts Scanalyzed 2 | . . . 2 . . . Part Schematics Acquired 2 | . . . 2 . . . Parts Damaged . | . . . . . . . Bothacking | -11 -10 -10 -9 -9 -7 -7 ------------ Run | Scr Mat Min Mat Min Zio Dee Used RIF Installer . | . . . . . . . Robots Hacked . | . . . . . . . Non-combat . | . . . . . . . Combat . | . . . . . . . Robot Hacks Applied . | . . . . . . . Relay Couplers Released . | . . . . . . . Robots Rewired . | . . . . . . . Allies Hacked . | . . . . . . . Hacks Repelled . | . . . . . . . Allies | -11 -10 -10 -9 -9 -7 -7 -------- Run | Scr Mat Min Mat Min Zio Dee Total Allies . | . . . . . . . Largest Group . | . . . . . . . Highest-Rated Group . | . . . . . . . Highest-Rated Ally . | . . . . . . . Total Orders . | . . . . . . . Ally Attacks . | . . . . . . . Total Damage . | . . . . . . . Kills . | . . . . . . . Allies Corrupted . | . . . . . . . Allies Melted . | . . . . . . . Intel | -11 -10 -10 -9 -9 -7 -7 ------- Run | Scr Mat Min Mat Min Zio Dee Robot Analysis Total . | . . . . . . . Derelict Logs Recovered 2 | . . . . . 2 . Drone Launches . | . . . . . . . Drone Recoveries . | . . . . . . . Exploration | -11 -10 -10 -9 -9 -7 -7 ------------- Run | Scr Mat Min Mat Min Zio Dee Turns Passed 3693 | 9 74 279 1545 111 1429 246 Spaces Moved 2655 | 18 128 236 849 66 1165 193 Core 339 | 18 128 192 1 . . . Treads . | . . . . . . . Legs 2093 | . . . 669 66 1165 193 Wheels 223 | . . 44 179 . . . Hover . | . . . . . . . Flight . | . . . . . . . Fastest Speed 50 | 50 50 90 90 120 120 120 Average Speed 118 | 50 50 98 130 136 120 120 Slowest Speed 450 | 50 100 100 450 150 150 150 Overloaded Moves . | . . . . . . . Propulsion Burnouts . | . . . . . . . Robots Hopped . | . . . . . . . Cave-ins Triggered . | . . . . . . . Exploration Rate (%) 40 | 4 29 58 72 12 85 24 Regions Visited 6 Branch Regions 4 Pre-discovered Areas 3 | . . . . . 3 . Known Exits Taken 1 | . . . 1 . . . Unknown Exits Taken 5 | 1 1 1 . 1 1 . Scrap Searched 2 | . . . . . 2 . Spaces Dug 3 | . . . 3 . . . Terrain Destroyed 49 | . . 1 17 . . 31 Melee . | . . . . . . . Projectile 4 | . . 1 3 . . . AOE 45 | . . . 14 . . 31 Terrain Rammed . | . . . . . . . Walls Destroyed . | . . . . . . . Machines Disabled . | . . . . . . . Actions | -11 -10 -10 -9 -9 -7 -7 --------- Run | Scr Mat Min Mat Min Zio Dee Total 2988 | 17 136 254 1103 79 1200 199 Wait 48 | . 3 5 28 1 11 . Move 2649 | 17 127 235 848 65 1164 193 Hop . | . . . . . . . Pick Up 28 | . 1 . 20 . 7 . Fast Attach 32 | . 3 4 18 1 5 1 Attach 3 | . . 1 1 1 . . Detach 7 | . 2 . 4 1 . . Swap 22 | . . . 15 3 1 3 Drop 41 | . . . 27 2 12 . Fire 158 | . . 9 142 5 . 2 Melee . | . . . . . . . Ram . | . . . . . . . Kick . | . . . . . . . Crush . | . . . . . . . Escape Stasis . | . . . . . . . Rewire . | . . . . . . . Trap . | . . . . . . . Miscellaneous . | . . . . . . . Route ------- -11/Scrapyard -10/Materials -10/Mines -9/Materials (discovered 3 exits: [*Mat] / *Min x2) -9/Mines -7/Zion (discovered 2 exits: [*Dee] / [*Pro]) -7/Deep Caves History --------- Turn | Location | Event 3 | -11/Scrapyard | Discovered new exit (range 15) 10 | -11/Scrapyard | Entered Materials 64 | -10/Materials | Discovered new exit (range 8) 84 | -10/Materials | Entered Mines 265 | -10/Mines | Discovered new exit (range 11) 284 | -10/Mines | Assembled infested the area 289 | -10/Mines | Assisted by a Guerilla fighting off Assembled 363 | -10/Mines | Entered Materials 363 | -9/Materials | Evolved 2 slots: Propulsion x1, Utility x1 638 | -9/Materials | Lost 4 parts (1p2n1u) 691 | -9/Materials | Discovered new exit (range 5) 891 | -9/Materials | Discovered new exit (range 3) 945 | -9/Materials | Build established: Scavenger-Mutant 1108 | -9/Materials | Core integrity fell below 50% 1302 | -9/Materials | Identified exit to Mines 1820 | -9/Materials | Core integrity fell below 20% 1908 | -9/Materials | Entered Mines 2016 | -9/Mines | A Derelict revealed a hidden shortcut to a safe place 2019 | -9/Mines | Entered Zion 2058 | -7/Zion | Visited the Megawrench Repair Shop 2058 | -7/Zion | Megawrench repaired 8 parts 2081 | -7/Zion | Acquired unknown access codes intercepted by a Zionite 2092 | -7/Zion | Discovered new exit (range 16) 2148 | -7/Zion | Given the Hacking Drone Bay 2158 | -7/Zion | Found Prototype Device 2158 | -7/Zion | Identified Hacking Drone Bay 2492 | -7/Zion | Found CR-A16's Pointy Stick 2522 | -7/Zion | Found Prototype Launcher 2522 | -7/Zion | Identified Gui. Missile Launcher 2527 | -7/Zion | Found Prototype Launcher 2527 | -7/Zion | Identified Rocket Array 2585 | -7/Zion | Received a hallucinogenic algorithm 2703 | -7/Zion | Learned location of Armory (-3) 2755 | -7/Zion | Learned Factory terminal intel 3424 | -7/Zion | Opened final containment barrier to the Deep Caves 3441 | -7/Zion | Discovered new exit (range 5) 3443 | -7/Zion | Saw the warning signs outside the Deep Caves entrance 3448 | -7/Zion | Entered Deep Caves 3684 | -7/Deep Caves | Attacked by Z-Imprinter 3688 | -7/Deep Caves | Z-Facility disabled 3694 | -7/Deep Caves | Destroyed by Z-Imprinter with Zionite Laser-M Last Messages --------------- 03441_ EXIT=FOUND 03443_ The room is plastered with warning signs of various forms. [Achievement: Signs Are For Wimps] [Achievement: Adventurer] LOCATION=UNKNOWN GOAL=ESCAPE 03505_ Aluminum Leg severed. 03508_ Destroyed Asb. Hover Unit. 03508_ as-33079 destroyed. 03508_ as-72197 destroyed. 03508_ as-01168 destroyed. 03512_ The unstable cave ceiling collapses. 03513_ Acquired Aluminum Leg. 03517_ The unstable cave ceiling collapses. 03673_ NEW_ZION: Z-Facility proximity alert. Z-Imprinter: GET AWAY FROM HERE! I've worked too hard for our future just to have you ruin everything! 03685_ Aluminum Leg destroyed. 03688_ Z-Facility disabled. 03691_ Aluminum Leg destroyed. Map ----- +----------------------------------------------------+ | | | | | | | ?????????????????????????????????????????????????? | | ???????????????????####??????????????????????????? | | ????????????????? #?????????????????????????# | | ??????????????? ?????###?????????????????# | | ?????????????? ###### ##?????######?????# | | ?????????????? ## # #???### ##????# | | ????????????? ##### #????# | | ????????????? #????? | | ?????????????? #????? | | ??????????????? #?????? | | ???????????????? #?????? | | ????????????????"""" ##????? | | ???????????????""""" ###### | | ??????????????"""""" | | ??????????????"""""" | | ??????????????""" | | ??????????????"""""" I #### | | ???????????????""""" ###??? | | ???????????????"""" ##????? | | ?????????????""""""" #?????? | | ????????????""" " " #?????? | | ????????????""""o o #????? | | ????????????""" @ #????? | | ????????????""""o #????? | | ????????????"""" ##????? | | ?????????????""""" #?????? | | ?????????????"""""""o ?????? | | ????????????? ?????# | | ?????????????? """ #?????# | | ????????????? """"" #??????# | | ?????????????????"""" ???????????# | | ??????????????????""" ???????????# | | ????????????????????" ????????????# | | ???????????????????? ????????????? | | ???????????????????? ??????????????? | | ??????????????????? ????????????????? | | ????????????????????? ???????????????????? | | ??????????????????????? ?????????????????????? | | ?????????????????????????????????????????????????? | | ?????????????????????????????????????????????????? | | ?????????????????????????????????????????????????? | | ?????????????????????????????????????????????????? | | ?????????????????????????????????????????????????? | | ?????????????????????????????????????????????????? | | ?????????????????????????????????????????????????? | | ?????????????????????????????????????????????????? | | ?????????????????????????????????????????????????? | +----------------------------------------------------+ Best States ------------- Heat Dissipation 28 Energy Generation 14 Energy Capacity 280 Matter Stores 300 Matter Capacity 300 Sight Range 16 Terrain Scan Density 10 Armor Coverage 300 Evasion (%) 50 Targeting Accuracy 6 Armor Integrity Analysis 33 Recoil Reduction 1 Item Schematics ----------------- Arm. Wheel | -9/Materials | Scanalyzed Hpw. Shotgun | -9/Materials | Scanalyzed Imp. Aluminum Leg | -9/Materials | Extracted Particle Gun | -9/Materials | Extracted Lrg. Battery | -9/Materials | Extracted Imp. Targeting Computer | -9/Materials | Extracted VTOL Module | -9/Materials | Extracted Welding Torch | -9/Materials | Extracted Spread Laser | -9/Materials | Extracted Robot Schematics ------------------ None Fabricated ------------ Nothing Alien Tech Used ----------------- None Achievements -------------- Adventurer Signs Are For Wimps Challenges ------------ None Game ------ Seed CannonWeightMaul Manual? 0 Play Time 00:46:13 Cumulative 107.0 hours Start 2021.06.12 @ 15:00:57 End 2021.06.12 @ 15:50:11 Sessions 1 Manual Loads 0 Difficulty Rogue Special Mode None Game No. 104 Rogue 104 Adventurer 0 Explorer 0 Win Type - Total 0 Types 0/0/0/0/0/0/0/0/0 Lore% 28 Gallery% 55 Achievement% 33 Wizard Run 0 Options --------- ASCII 0 Keyboard 1 Movement Vi Keybinds 0 Fullscreen 2 Font 32/Smallcaps Map View 76x50 Tactical HUD 1 Map Filters NONE Filters NONE Steam 1 RUN: 1bb93734-d5dd-4957-bcb7-eb1da2ac3ccf